 Dungeon Crawl Stone Soup version 0.28-a0-938-gbc3f381ebc (console) character file.

Game seed: 10523575680003384040

256 jejorda2 the Ruffian (level 6, -1/39 HPs)
             Began as a Gargoyle Berserker on Nov 28, 2021.
             Was a Believer of Trog.
             Slain by an orc (3 damage)
             ... on level 4 of the Dungeon.
             The game lasted 00:04:45 (3900 turns).

jejorda2 the Ruffian (Gargoyle Berserker)           Turns: 3900, Time: 00:04:46

Health: -1/39      AC: 14    Str: 22    XL:     6   Next: 16%
Magic:  6/6        EV: 10    Int:  8    God:    Trog [**....]
Gold:   74         SH:  0    Dex:  9    Spells: 5/5 levels left

rFire   . . .      SeeInvis .     - Unarmed
rCold   . . .      Faith    .   (no shield)
rNeg    + . .      Spirit   .   d - +0 scale mail
rPois   ∞          Reflect  .   (no helmet)
rElec   +          Harm     .   (no cloak)
rCorr   .          Rampage  .   p - +2 pair of gloves
Will    .....                   (no boots)
Stlth   ..........              o - amulet of the acrobat
HPRegen 0.13/turn               (no ring)
MPRegen 0.10/turn               (no ring)

@: on berserk cooldown, slowed, very slow
A: sickness immunity, AC +4, negative energy resistance 1, electricity
resistance, torment resistance 1, petrification resistance
a: Renounce Religion, Berserk, Trog's Hand


You were on level 4 of the Dungeon.
You worshipped Trog.
Trog was pleased with you.
You visited 1 branch of the dungeon, and saw 4 of its levels.

You collected 114 gold pieces.
You spent 40 gold pieces at shops.

Inventory:

Hand Weapons
 q - a +0 hunting sling of freezing
Missiles
 g - 78 stones
 i - 16 poisoned darts (quivered)
 j - 2 boomerangs
Armour
 d - a +0 scale mail (worn)
 p - a +2 pair of gloves (worn)
Jewellery
 o - an amulet of the acrobat (around neck)
Scrolls
 a - 2 scrolls of teleportation {unknown}
 b - 2 scrolls of summoning {unknown}
 f - 2 scrolls of enchant weapon {unknown}
 k - a scroll of magic mapping {unknown}
 l - 3 scrolls of identify {unknown}
 m - a scroll of blinking {unknown}
 n - a scroll of holy word {unknown}
Potions
 c - a potion of lignification {unknown}
 e - a potion of degeneration {unknown}
 h - a potion of might


   Skills:
 + Level 4.6 Fighting
 + Level 3.8 Armour
 - Level 1.5 Dodging
 * Level 5.1 Unarmed Combat


You had 5 spell levels left.
You didn't know any spells.
Your spell library was empty.

Dungeon Overview and Level Annotations

Branches:
Dungeon (4/15)
 Temple: D:4-7

Altars:
Nemelex Xobeh

Shops:
D:2 !


Innate Abilities, Weirdness & Mutations

You are immune to sickness and miasma.
Your stone body is resilient. (AC +4)
You are immune to poison.
You resist negative energy. (rN+)
You are resistant to electric shocks. (rElec)
You are resistant to unholy torment.
You are immune to petrification.


Message History

Trog accepts your kill.
An orc priest comes into view. It is wielding a +0 flail.
An orc wizard comes into view. It is wielding a +0 dagger.
Found a stone staircase leading up.
The orc wizard shouts!
The orc wizard casts a spell.
The orc wizard flickers and vanishes!
Deactivating autopickup; reactivate with Ctrl-A.
You see here a +0 club.
You feel a strong urge to attack something.
You are confused.
You are no longer berserk.
You are exhausted.
You feel yourself slow down.
An orc comes into view. It is wielding a +0 short sword.
The orc priest calls down the wrath of Beogh upon you.
Beogh smites you!
Something tries to affect you, but you resist.
The orc priest barely misses you.
The orc priest hits you with a +0 flail.
You miss the orc priest.
The orc priest mumbles some strange prayers to Beogh against you.
Beogh smites you!
* * * LOW HITPOINT WARNING * * *
You hear a shout!
You bump into the rock wall.
The orc priest misses you.
The orc priest hits you with a +0 flail.
* * * LOW HITPOINT WARNING * * *
You bump into the rock wall.
You feel less confused. Something hits you but does no damage.
The orc priest hits you but does no damage.
An orc wizard comes into view. It is wielding a +0 dagger.
Something hits you but does no damage.
You punch the orc priest!
The orc priest is heavily wounded.
The orc priest hits you with a +0 flail.
* * * LOW HITPOINT WARNING * * *
The orc hits you with a +0 short sword.
You die...

#.. #.. #.# #.####.#
.#......#
##.#############.######.#
..........).............#
....<#.........#####.....
........@)###..##.#..#...
.....#.oo## ##.......#...
o.# ##.## #.......##..
#..# #......#..... ...o#
##.....##.... ......
#............ .....###
.............. ...##
###............ ###
.###.........


You could see an orc priest, an orc wizard and an orc.

Vanquished Creatures
  A phantom (D:4)
  An iguana (D:2)
  An orc wizard (D:4)
  An adder (D:2)
  4 gnolls
  An ufetubus (D:4)
  3 worms
  2 dart slugs (D:1)
  3 orcs
  5 ball pythons
  5 bats
  9 endoplasms
  2 giant cockroaches
  5 goblins
  3 hobgoblins
  4 quokkas
  3 frilled lizards
  4 kobolds
  7 rats
64 creatures vanquished.

Notes
Turn   | Place    | Note
-------+----------+-------------------------------------------
     0 | D:1      | jejorda2 the Gargoyle Berserker began the quest for the
                  | Orb.
     0 | D:1      | Reached XP level 1. HP: 14/14 MP: 1/1
   185 | D:1      | Reached XP level 2. HP: 16/19 MP: 2/2
   615 | D:1      | Reached XP level 3. HP: 4/23 MP: 3/3
  1569 | D:2      | Found Xela's Distillery.
  1608 | D:2      | Bought a potion of might for 40 gold pieces
  1927 | D:2      | Reached skill level 4 in Unarmed Combat
  1927 | D:2      | Reached XP level 4. HP: 29/29 MP: 4/4
  2755 | D:3      | Reached ** piety under Trog
  2992 | D:3      | Reached XP level 5. HP: 33/33 MP: 5/5
  3716 | D:3      | Found a sparkling altar of Nemelex Xobeh.
  3879 | D:4      | Noticed a phantom
  3887 | D:4      | Killed a phantom
  3888 | D:4      | Reached skill level 5 in Unarmed Combat
  3888 | D:4      | Reached XP level 6. HP: 39/39 MP: 6/6
  3900 | D:4      | Slain by an orc

Illustrated notes

Levels and vault maps discovered:
D:1:      scummos_arrival_forest, layout_basic, st_stairs_5
D:2:      layout_basic, serial_shops, shop_statue
D:3:      layout_basic, nemelex_dance_club_becter, serial_aquarium,
          aquarium_bridge_square [aquarium_subvault_bridge,
          aquarium_subvault_bridge, aquarium_subvault_balcony,
          aquarium_subvault_balcony], aquarium_window_fake, aquarium_window_2,
          aquarium_window_2, aquarium_window_1, aquarium_view_2f,
          aquarium_view_2d, aquarium_pool_corner,
          corexii_item_surrounded_by_moat
D:4:      nicolae_BIG_FREAKIN_CUBE, layout_cave_pools, roderic_lattice_a,
          uniq_crazy_yiuf_cottage

Skill      XL: |  1  2  3  4  5 |
---------------+----------------+-----
Unarmed Combat | 4 5 |  5.1
Armour         | 3 |  3.8
Fighting       | 4 |  4.6
Dodging        | |  1.5

Action                   |  1- 3 |  4- 6 || total
-------------------------+-------+-------++-------
Melee: Unarmed           |   103 |   114 ||   217
       Punch             |     4 |       ||     4
Throw: Dart              |       |     2 ||     2
Invok: Berserk           |     3 |     3 ||     6
Armor: Animal skin       |     7 |       ||     7
       Scale mail        |    35 |    50 ||    85
Dodge: Dodged            |    41 |    77 ||   118

Table legend: (Time is in decaauts)
 A = Elapsed time spent in this place.
 B = Non-inter-level travel time spent in this place.
 C = Inter-level travel time spent in this place.
 D = Time resting spent in this place.
 E = Time spent auto-exploring this place.
 F = Levels seen in this place.
 G = Mean time per level.
                   A        B        C        D        E       F      G
               +--------+--------+--------+--------+--------+-----+--------+
         Total |   3914 |   3827 |     87 |    113 |   3187 |   4 |  978.5 |
       Dungeon |   3914 |   3827 |     87 |    113 |   3187 |   4 |  978.5 |
               +--------+--------+--------+--------+--------+-----+--------+

Top non-repeatable levels by time:
     D:1: 1458 daAuts
     D:3: 1224 daAuts
     D:2: 1073 daAuts
     D:4: 158 daAuts
